 Dungeon Crawl Stone Soup version 0.29-a0-330-g52719c12eb (webtiles) character file.

Game seed: 11384062788307564382

1411 kae the Firebug (level 8, -10/66 HPs)
             Began as a Demigod Fire Elementalist on May 9, 2022.
             Mangled by a gargoyle
             ... wielding a +0 mace
              (24 damage)
             ... on level 6 of the Dungeon.
             The game lasted 00:05:51 (8188 turns).

kae the Firebug (Demigod Fire Elementalist)         Turns: 8188, Time: 00:05:52

Health: -10/66     AC:  6    Str:  9    XL:     8   Next: 19%
Magic:  6/17       EV: 13    Int: 31    God:
Gold:   308        SH:  0    Dex: 12    Spells: 6/15 levels left

rFire   x . .      SeeInvis +   t - +0 whip "Coiklouf" {pain, Fly rF- rN+++ SInv}
rCold   . . .      Faith    .   (no shield)
rNeg    + + +      Spirit   .   x - +1 robe "Luugeled" {+Blink}
rPois   .          Reflect  .   (no helmet)
rElec   .          Harm     .   (no cloak)
rCorr   +          Rampage  .   n - +2 pair of gloves of the Crypt {+Inv rCorr Int+6 Dex-2}
Will    .....                   (no boots)
Stlth   ++........              (no amulet)
HPRegen 0.21/turn               l - ring of wizardry
MPRegen 0.15/turn               (no ring)

@: flying
A: high MP 1, forlorn, divine attributes
a: Evoke Blink, Evoke Invisibility


You were on level 6 of the Dungeon.
You visited 1 branch of the dungeon, and saw 6 of its levels.

You collected 308 gold pieces.

Inventory:

Hand Weapons
 t - the +0 whip "Coiklouf" (weapon) {pain, Fly rF- rN+++ SInv}
   (You found it on level 3 of the Dungeon)

   In the hands of one skilled in necromantic magic, it inflicts extra damage on
   living creatures.
   rF:        It makes you vulnerable to fire.
   rN:        It renders you almost immune to negative energy.
   SInv:      It lets you see invisible.
   Fly:       It grants you flight.
Armour
 a - a +1 robe
 n - the +2 pair of gloves of the Crypt (worn) {+Inv rCorr Int+6 Dex-2}
   (You found it on level 3 of the Dungeon)

   Int:       It affects your intelligence (+6).
   Dex:       It affects your dexterity (-2).
   +Inv:      It lets you turn invisible.
   rCorr:     It protects you from acid and corrosion.
 x - the +1 robe "Luugeled" (worn) {+Blink}
   (You found it on level 6 of the Dungeon)

   +Blink:    It lets you blink.
Jewellery
 l - a ring of wizardry (left hand)
Wands
 m - a wand of digging (1)
 q - a wand of paralysis (8)
 w - a wand of mindburst (11)
Scrolls
 j - a scroll of magic mapping
 v - a scroll of fog
Potions
 b - 2 potions of magic
 c - a potion of haste
 d - a potion of resistance
 e - a potion of degeneration
 g - a potion of brilliance
 h - 3 potions of heal wounds
 i - a potion of flight
 k - 3 potions of ambrosia
 o - a potion of invisibility {unknown}
 p - a potion of berserk rage {unknown}
 r - a potion of cancellation {unknown}
 s - a potion of mutation {unknown}
 u - 2 potions of lignification {unknown}


   Skills:
 + Level 3.9 Fighting
 + Level 4.5 Dodging
 - Level 1.7 Stealth
 + Level 4.2 Spellcasting
 + Level 4.1 Conjurations
 + Level 5.0 Fire Magic
 + Level 0.4 Evocations


You had 6 spell levels left.
You knew the following spells:

 Your Spells              Type           Power      Damage    Failure   Level
a - Foxfire               Conj/Fire      100%       2x1d9     1%          1
b - Scorch                Fire           74%        2d9       1%          2
c - Conjure Flame         Conj/Fire      35%        6-21      1%          3
d - Inner Flame           Hex/Fire       22%        N/A       2%          3

Your spell library contained the following spells:

 Spells                   Type           Power      Damage    Failure   Level
 Magic Dart               Conj           100%       1d8       1%          1
 Call Imp                 Summ           6%         N/A       3%          2
 Flame Wave               Conj/Fire      35%        2d8       3%          4
 Mephitic Cloud           Conj/Pois/Air  15%        N/A       4%          3


Dungeon Overview and Level Annotations

Branches:
Dungeon (6/15)             Temple (0/1) D:4

Shops:
D:4 [

Annotations:
D:4 exclusions: gnoll shaman, orc priest and 2 orc wizards
D:6 1 runed translucent door, Crazy Yiuf


Innate Abilities, Weirdness & Mutations

You have an increased reservoir of magic. (+10% MP)
You shall have no god before yourself.
Your divine heritage dramatically boosts your attributes as you level up.


Message History

The foxfire hits the ufetubus!
The ufetubus is burned terribly!
You kill the ufetubus!
Your foxfire dissipates!
A gargoyle is nearby!
A gargoyle is nearby!
A gargoyle is nearby!
Okay, then.
Okay, then.
Casting: Foxfire (safe; 1% risk of failure)
Confirm with . or Enter, or press ? or * to list all spells.
Aiming: Inner Flame (dangerous; 2% risk of failure)
Press: ? - help, Dir - move target, f - gargoyle
Aim: a gargoyle, wielding a +0 mace (wandering, hasn't noticed you, chance to affect: 62%)
The gargoyle is filled with an inner flame.
Casting: Inner Flame (dangerous; 2% risk of failure)
Confirm with . or Enter, or press ? or * to list all spells.
You conjure some foxfire!
The foxfire hits the gargoyle but does no damage. x2
Casting: Foxfire (safe; 1% risk of failure)
Confirm with . or Enter, or press ? or * to list all spells.
You conjure some foxfire!
The foxfire hits the gargoyle but does no damage. x2
Casting: Foxfire (safe; 1% risk of failure)
Confirm with . or Enter, or press ? or * to list all spells.
You conjure some foxfire!
The foxfire hits the gargoyle but does no damage.
The foxfire hits the gargoyle but does no damage.
Casting: Foxfire (safe; 1% risk of failure)
Confirm with . or Enter, or press ? or * to list all spells.
Flames lash the gargoyle but do no damage.
The gargoyle hits you with a +0 mace!
The gargoyle hurls a stone arrow at you.
The stone arrow hits you!!
Casting: Scorch (safe; 1% risk of failure)
Confirm with . or Enter, or press ? or * to list all spells.
Flames lash the gargoyle but do no damage.
The gargoyle hits you with a +0 mace!
* * * LOW HITPOINT WARNING * * *
The gargoyle hits you with a +0 mace!!
You die...

#......<...##.# #.
. #.##
#.###......##.. ..
#.## #...##.####.#
#.## #...#......§#
#.# #..##....####
#.# #..##.#....#
#.# #..##.#....+
#.#
#.....'..†.##'#...
#.#
##.####...@9......
#.##
...............
#...
###.....!....##
#### #.#....#####
..!..#..#
##.......# #####
#.......# #..)#
#.......# #.))#
).)


You could see a gargoyle (inner flame).

Vanquished Creatures
  A wraith (D:6)
  An acid dragon (D:6)
  A sky beast (D:6)
  A black bear (D:6)
  An ogre (D:5)
  A centaur (D:6)
  2 bullfrogs (D:6)
  2 scorpions (D:5)
  A jelly (D:6)
  An orc priest (D:6)
  2 hounds
  A gnoll shaman (D:6)
  6 orc wizards
  6 adders
  9 gnolls
  2 ufetubi
  A worm (D:2)
  4 dart slugs
  22 orcs
  6 endoplasms
  A giant cockroach (D:2)
  7 goblins
  8 hobgoblins
  4 jackals
  3 quokkas
  10 ball pythons
  10 bats
  5 frilled lizards
  10 kobolds
  6 rats
135 creatures vanquished.

Vanquished Creatures (others)
  An orc (D:5)
  442 foxfires
  A plant (D:1)
  A withered plant (D:5)
445 creatures vanquished.

Grand Total: 580 creatures vanquished

Notes
Turn   | Place    | Note
-------+----------+-------------------------------------------
     0 | D:1      | kae the Demigod Fire Elementalist began the quest for the
                  | Orb.
     0 | D:1      | Reached XP level 1. HP: 14/14 MP: 5/5
    48 | D:1      | Reached skill level 1 in Conjurations
   442 | D:1      | Reached XP level 2. HP: 22/22 MP: 4/7
  1359 | D:2      | Reached skill level 3 in Fire Magic
  1482 | D:2      | Reached XP level 3. HP: 27/27 MP: 6/8
  1808 | D:2      | Learned a level 2 spell: Scorch
  1812 | D:2      | Learned a level 3 spell: Conjure Flame
  1822 | D:2      | Reached skill level 1 in Fighting
  2413 | D:3      | Identified the +2 pair of gloves of the Crypt {+Inv rCorr
                  | Int+6 Dex-2}
  2420 | D:3      | Reached XP level 4. HP: 35/35 MP: 6/10
  3508 | D:3      | Identified the +0 whip "Coiklouf" {pain, Fly rF- rN+++
                  | SInv}
  3964 | D:4      | Reached XP level 5. HP: 40/40 MP: 9/11
  3982 | D:4      | Found a staircase to the Ecumenical Temple.
  4165 | D:4      | You are sucked into a shaft and drop 1 floor!
  4165 | D:5      | Entered Level 5 of the Dungeon
  4868 | D:4      | Found Vexzukywn's Armour Shoppe.
  5579 | D:5      | Noticed an ogre
  5588 | D:5      | Killed an ogre
  5589 | D:5      | Reached XP level 6. HP: 39/48 MP: 6/13
  5922 | D:5      | Reached skill level 4 in Fire Magic
  6571 | D:5      | Learned a level 3 spell: Inner Flame
  6649 | D:6      | Reached XP level 7. HP: 56/56 MP: 5/15
  6734 | D:6      | Found a runed translucent door.
  6735 | D:6      | Noticed Crazy Yiuf
  6936 | D:6      | Noticed a wraith
  6951 | D:6      | Killed a wraith
  7437 | D:6      | Reached XP level 8. HP: 66/66 MP: 11/17
  7749 | D:6      | Noticed a gargoyle
  8114 | D:6      | Identified the +1 robe "Luugeled" {+Blink}
  8142 | D:6      | Reached skill level 5 in Fire Magic
  8188 | D:6      | Mangled by a gargoyle

Illustrated notes

Levels and vault maps discovered:
D:1:      erik_arrival_blinker_ship, layout_loops_cross,
          hellmonk_ecumenical_altar_lost_god, wad_floor_pattern_1,
          dk_noncrumbling_4, serial_bayou_pond_c
D:2:      layout_loops_ring
D:3:      minmay_razor_zed, layout_basic, kennysheep_generic_room_16
D:4:      layout_loops_corners, minmay_temple_entry_drinking_statues,
          serial_shops, kennysheep_mini
D:5:      layout_basic, kiku_gazebo_garden_becter,
          chequers_serial_rivers_small_a
D:6:      layout_basic, chequers_arboretum, uniq_crazy_yiuf_cottage

Skill      XL: |  1  2  3  4  5  6  7  8 |
---------------+-------------------------+-----
Conjurations   | 1 2 3 4 |  4.1
Dodging        | 2 3 4 |  4.5
Spellcasting   | 2 3 4 |  4.2
Fire Magic     | 3 4 5 |  5.0
Fighting       | 1 2 3 |  3.9
Stealth        | |  1.7
Evocations     | |  0.4

Action                   |  1- 3 |  4- 6 |  7- 9 || total
-------------------------+-------+-------+-------++-------
Melee: Unarmed           |    15 |       |       ||    15
       Whip              |       |       |    27 ||    27
 Cast: Foxfire           |    95 |   135 |    47 ||   277
       Scorch            |     5 |    23 |    16 ||    44
       Conjure Flame     |       |       |     3 ||     3
       Inner Flame       |       |       |     1 ||     1
  Use: Scroll            |     5 |     8 |     2 ||    15
       Potion            |       |       |     3 ||     3
Armor: Robe              |     6 |    15 |    21 ||    42
Dodge: Dodged            |    32 |    39 |    72 ||   143

Table legend: (Time is in decaauts)
 A = Elapsed time spent in this place.
 B = Non-inter-level travel time spent in this place.
 C = Inter-level travel time spent in this place.
 D = Time resting spent in this place.
 E = Time spent auto-exploring this place.
 F = Levels seen in this place.
 G = Mean time per level.
                   A        B        C        D        E       F      G
               +--------+--------+--------+--------+--------+-----+--------+
         Total |   8189 |   7985 |    204 |    326 |   6529 |   6 | 1364.8 |
       Dungeon |   8189 |   7985 |    204 |    326 |   6529 |   6 | 1364.8 |
               +--------+--------+--------+--------+--------+-----+--------+

Top non-repeatable levels by time:
     D:3: 1791 daAuts
     D:6: 1587 daAuts
     D:4: 1429 daAuts
     D:5: 1259 daAuts
     D:2: 1129 daAuts
     D:1: 991 daAuts
